 Dungeon Crawl Stone Soup version 0.19.1 (console) character file.

1707543 asdue the Demonic Blade (level 27, 233/233 HPs)
             Began as a Demonspawn Fighter on Dec 5, 2016.
             Was the Champion of Trog.
             Escaped with the Orb
             ... and 3 runes on Dec 7, 2016!
             The game lasted 06:53:12 (68205 turns).

asdue the Demonic Blade (Demonspawn Fighter)       Turns: 68205, Time: 06:53:13

Health: 233/233    AC: 45    Str: 20    XL:     27
Magic:  30/30      EV: 27    Int: 14    God:    Trog [******]
Gold:   2725       SH:  0    Dex: 20    Spells: 0 memorised, 26 levels left

rFire  + + .     SeeInvis .     e - +13 great sword {slice, rPois Str-3 Int+3}
rCold  + . .     Gourm    .     Y - +6 plate armour {rN+}
rNeg   + + .     Faith    .     (shield currently unavailable)
rPois  +         Spirit   +     (helmet unavailable)
rElec  +         Reflect  .     m - +2 cloak {rF+}
rCorr  .         Harm     .     M - +2 pair of gloves
MR     ++...                    Z - +2 pair of boots
Stlth  +.........               E - macabre finger necklace {rN+}
                                k - +4 ring of protection
                                c - ring "Qyomi" {rElec EV+5 Str+2 Stlth+}
                                N - +3 ring of evasion

@: no status effects
A: horns 3, icy blue scales 3, fire resistance 1, hurl damnation, low mp 1,
nightstalker 3, magic shield, magic regeneration, magic link, flame cloud
immunity
a: Hurl Damnation, Berserk, Trog's Hand, Brothers in Arms, Burn Spellbooks,
Renounce Religion
0: Orb of Zot
}: 3/15 runes: barnacled, silver, gossamer


You escaped.
You worshipped Trog.
Trog was exalted by your worship.
You were full.

You visited 10 branches of the dungeon, and saw 50 of its levels.
You visited 2 bazaars.
You also visited: Labyrinth, Sewer and Volcano.

You collected 7741 gold pieces.
You spent 5016 gold pieces at shops.

Inventory:

Hand Weapons
 e - the +13 great sword of the Whale (weapon) {slice, rPois Str-3 Int+3}
   (Trog gifted it to you on level 3 of the Elven Halls)

   It inflicts extra damage upon your enemies.
   It affects your strength (-3).
   It affects your intelligence (+3).
   It protects you from poison.
 q - a +9 antimagic triple sword
 w - the +8 great sword of Xom's Delight {drain, +Fly rElec Str+4}
   (You found it on level 11 of the Dungeon)

   A truly terrible weapon, it drains the life of those it strikes.
   It affects your strength (+4).
   It insulates you from electricity.
   It lets you fly.
Missiles
 S - 7 throwing nets (quivered)
Armour
 m - a +2 cloak of fire resistance (worn)
 M - a +2 pair of gloves (worn)
 Y - a +6 plate armour of positive energy (worn)
 Z - a +2 pair of boots (worn)
Jewellery
 c - the ring "Qyomi" (left hand) {rElec EV+5 Str+2 Stlth+}
   (You bought it in a shop on level 3 of the Depths)

   [ring of evasion]

   It affects your evasion (+5).
   It affects your strength (+2).
   It insulates you from electricity.
   It makes you more stealthy.
 k - a +4 ring of protection (right hand)
 r - an uncursed ring of resist corrosion
 E - the macabre finger necklace (around neck) {rN+}
   (You took it off a deep elf death mage on level 3 of the Elven Halls)

   [amulet of nothing]

   It protects you from negative energy.
 I - the ring "Bejeoklu" {rF+ rC+ SInv}
   (You bought it in a shop on level 3 of the Depths)

   [ring of see invisible]

   It protects you from fire.
   It protects you from cold.
   It lets you see invisible.
 N - a +3 ring of evasion (on amulet)
 O - an uncursed amulet of regeneration
Wands
 t - a wand of enslavement (16/24)
 u - a wand of digging (4/24)
 v - a wand of acid (8/15)
 y - a wand of disintegration (16/24)
 B - a wand of heal wounds (4/9)
 D - a wand of digging (24/24)
 H - a wand of hasting (1/9)
 Q - a wand of hasting (8/9)
 U - a wand of digging (14/24)
 X - a wand of acid (5/15)
Scrolls
 b - 13 scrolls of identify
 g - 4 scrolls of summoning
 h - 5 scrolls of fear
 o - 22 scrolls of teleportation
 p - 6 scrolls of fog
 x - 12 scrolls of blinking
 z - a scroll of silence
 T - 22 scrolls of remove curse
 V - 10 scrolls of recharging
Potions
 d - 10 potions of might
 i - 4 potions of agility
 n - 9 potions of curing
 C - a potion of haste
 F - 4 potions of cure mutation
 R - 4 potions of heal wounds
 W - 5 potions of resistance
Miscellaneous
 a - 2 boxes of beasts
 j - a phantom mirror
 s - a phial of floods
 G - a disc of storms
 J - a fan of gales
 K - a lamp of fire
 L - 3 sacks of spiders
Comestibles
 f - 24 bread rations
 l - 9 beef jerkies
 A - 21 meat rations
 P - 17 fruits


   Skills:
 * Level 22.6 Fighting
 - Level 24.0 Long Blades
 + Level 20.5 Armour
 + Level 18.3 Dodging
   Level 2.6 Shields
 + Level 14.7 Evocations


You had 26 spell levels left.
You didn't know any spells.

Dungeon Overview and Level Annotations

Branches:
Dungeon (15/15)            Temple (1/1) D:6            Lair (6/6) D:11
 Shoals (4/4) Lair:2       Spider (4/4) Lair:4        Slime (0/5) Lair:6
    Orc (2/2) D:9             Elf (3/3) Orc:2        Vaults (5/5) D:14
  Crypt (0/3) Vaults:2     Depths (5/5) D:15            Zot (5/5) Depths:5

Altars:
Ashenzari
Cheibriados
Dithmenos
Elyvilon
Fedhas
Gozag
Hepliaklqana
Kikubaaqudgha
Makhleb
Nemelex Xobeh
Okawaru
Qazlal
Ru
Sif Muna
Trog
Uskayaw
Vehumet
Xom
Yredelemnul
Zin
The Shining One
Beogh
Jiyva

Shops:
D:4 *   Orc:2 [[((   Elf:1 =**(   Elf:3 }   Vaults:3 =(?   Depths:1 :
Depths:3 =}=   Depths:5 :

Portals:
Hell: Depths:1 Depths:2 Depths:3 Depths:4 Depths:5
Abyss: Depths:1 Depths:2
Pandemonium: Depths:1 Depths:4
Ziggurat: Depths:2
Trove: D:13 (give +3 shadow dragon scales)

Annotations:
Elf:2 29 runed doors
Zot:2 21 runed doors
Zot:5 Kite's ghost, legendary MiBe


Innate Abilities, Weirdness & Mutations

You have a pair of large horns on your head.
You are completely covered in icy blue scales. (AC +4, rC+)
Your flesh is heat resistant. (rF+)
You can hurl damnation.
You are completely attuned to the shadows.
When hurt, damage is shared between your health and your magic reserves.
You regenerate magic rapidly.
When low on magic, you restore magic in place of health.
You are immune to clouds of flame.
Your magical capacity is low. (-10% MP)


Message History

You kill the leopard gecko!
Trog accepts your kill.
No target in view!
(D) Dungeon (T) Temple (L) Lair (A) Shoals (N) Spider Nest (M) Slime Pits (O) Orcish Mines (E) Elven Halls (V) Vaults (C) Crypt (U) Depths (H) Hell (Z) Zot
Where to? (Enter - D:1 @ (x,y), ? - help)
There is an open door here.
There is a stone staircase leading up, spattered with blood here.
You climb upwards.
There is a stone staircase leading down here.
There is a stone staircase leading up here.
You climb upwards.
There is a stone staircase leading down here.
There is a stone staircase leading up here.
You climb upwards.
There is a stone staircase leading down here.
There is a staircase leading out of the dungeon here.
You have escaped!

#.# #.........###..###.# #.# #
#.......## ##.#... # #.###.#
#.......# #.#.# ......##
##.......## ##...# #.#
#..###.........###..>.# #.#
#.....................# #.#
#.....................##### #.#
#..........................
###.###.(.......@................
...........................##....
###.###....................##....
.##.# #...................#####.#
.##.# #..###(........###..# #.#
.##.###.## ##.......## ##.# #.#
.......รท# #.......# #.#####.#
........## ##.......## ##.......#
.........###.........###.......##


There were no monsters in sight!

Vanquished Creatures
  An orb of fire (Zot:5)
  4 ancient liches
  3 juggernauts
  Sojobo (Vaults:2)
  Margery (Depths:1)
  Saint Roka (Depths:5)
  2 Killer Klowns (Zot:5)
  3 golden dragons
  Jory (Vaults:2)
  Nikola (Elf:1)
  Arachne (Spider:3)
  6 electric golems
  6 liches
  Jorgrun (Spider:3)
  Rupert (D:15)
  14 tentacled monstrosities
  19 Orb Guardians
  2 deep elf blademasters (Elf:3)
  3 quicksilver dragons
  2 deep elf master archers (Elf:3)
  8 titans
  4 death cobs
  2 sphinxes
  13 shadow dragons
  Kirke (Lair:4)
  4 draconian monks
  12 storm dragons
  6 tengu reavers
  6 fire giants
  16 frost giants
  An iron dragon (Vaults:5)
  A draconian knight (Zot:4)
  6 deep elf sorcerers
  22 vault wardens
  Ilsuiw (Shoals:3)
  4 ghost moths
  A draconian scorcher (Zot:1)
  5 emperor scorpions
  2 draconian zealots
  4 draconian shifters
  5 deep elf elementalists
  5 draconian annihilators
  22 ironheart preservers
  25 stone giants
  2 draconian callers (Zot:2)
  26 very ugly things
  A spriggan defender (Depths:2)
  4 war gargoyles
  7 entropy weavers
  3 mottled draconians
  An entropy weaver (shapeshifter) (Vaults:2)
  3 green draconians
  Nessos (D:15)
  5 deep elf demonologists
  9 black draconians
  A vampire knight (Depths:5)
  The ghost of StormySan the Slicer, a journeyman TrBe of Trog (Shoals:1)
  4 white draconians
  6 yellow draconians
  3 purple draconians
  8 deep elf annihilators
  13 spark wasps
  5 red draconians
  7 merfolk javelineers
  9 ettins
  A minotaur (Lab)
  5 deep elf death magi (Elf:3)
  2 great orbs of eyes
  8 merfolk impalers
  4 deep elf high priests
  14 fire dragons
  3 jiangshi (Depths:4)
  12 ogre magi
  4 rakshasas
  Erolcha (D:10)
  25 yaktaur captains
  32 vault guards
  The ghost of ReniFell the Thaumaturge, a journeyman DEFE of Vehumet (Orc:2)
  3 merfolk avatars (Shoals:4)
  12 ice dragons
  12 hydras
  An alligator snapping turtle (Shoals:4)
  A spriggan air mage (Depths:3)
  9 merfolk aquamancers
  2 ghost crabs (shapeshifter)
  14 centaur warriors
  A death knight (D:11)
  16 dancing weapons
  16 deep troll shamans
  3 satyrs
  5 vampire magi
  11 tengu warriors
  A catoblepas (Lair:6)
  12 death yaks
  14 deep troll earth magi
  8 spriggan berserkers
  Urug (D:10)
  6 orc high priests
  7 deep elf knights
  A soul eater (D:15)
  A shadow wraith (Vaults:5)
  3 shock serpents (Zot:2)
  5 iron trolls
  2 spriggans (Depths:5)
  4 sixfirhies
  A fire crab (Lair:6)
  A storm dragon skeleton (Depths:2)
  8 sea snakes
  6 hell knights
  A sea snake (shapeshifter) (Depths:1)
  5 unseen horrors
  5 flayed ghosts
  43 deep trolls
  15 deep elf archers
  A shadow demon (Zot:5)
  11 orc knights
  3 phantasmal warriors
  27 ironbrand convokers
  2 lindwurms
  3 wizards
  2 orange crystal statues
  Pikel (D:4)
  3 glowing orange brains
  3 harpies (shapeshifter)
  11 orb spiders
  3 hill giants
  3 necromancers
  57 deep elf magi
  22 harpies
  7 orc sorcerers
  57 ugly things
  15 moths of wrath
  Maurice (D:10)
  12 manticores
  30 wolf spiders
  10 cyclopes
  8 fauns
  13 sirens
  7 elephants (Lair:6)
  A guardian serpent (shapeshifter) (Vaults:2)
  2 centaur zombies
  Joseph (D:8)
  A rust devil (Zot:1)
  A spiny frog (shapeshifter) (Vaults:5)
  An eye of devastation (shapeshifter) (Vaults:5)
  5 black mambas
  An orange demon (Zot:2)
  A storm dragon simulacrum (Depths:2)
  5 water nymphs
  13 vault sentinels
  A smoke demon (D:6)
  2 centaur skeletons (D:12)
  A torpor snail (Spider:3)
  8 spiny frogs
  95 yaktaurs
  A rime drake (shapeshifter) (D:13)
  4 rime drakes
  3 freezing wraiths
  5 komodo dragons
  7 demonic crawlers
  A hellwing (D:4)
  A spriggan skeleton (Depths:2)
  3 tengu conjurers
  A golden dragon simulacrum (Depths:2)
  2 jumping spiders (shapeshifter)
  39 jumping spiders
  7 trolls
  22 merfolk
  9 meliai
  2 wind drakes
  28 two-headed ogres
  4 dream sheep
  20 hornets
  A hornet (shapeshifter) (Vaults:2)
  12 blink frogs
  2 raiju (Zot:2)
  16 hippogriffs
  29 slime creatures
  7 snapping turtles
  A stone giant simulacrum (Vaults:2)
  95 redbacks
  A shadow (D:11)
  12 water elementals
  4 wraiths
  3 air elementals
  27 tarantellas
  6 wyverns
  A tarantella (shapeshifter) (Depths:4)
  4 vampires
  3 fire elementals (Elf:3)
  6 fire bats (Volcano)
  Grum (D:11)
  28 yaks
  5 basilisks
  3 steam dragons
  A chaos spawn (D:15)
  2 neqoxecs
  2 hogs (Lair:4)
  Eustachio (D:4)
  7 wargs
  A swamp worm (shapeshifter) (Vaults:3)
  A mottled dragon (Vaults:2)
  5 hell hounds
  13 porcupines
  12 water moccasins
  A floating eye (Depths:4)
  3 black bears
  48 orc warriors
  2 slaves (D:4)
  2 hornet zombies
  3 eyes of draining
  4 eyes of draining (shapeshifter)
  A sky beast (D:6)
  2 ice beasts
  9 boggarts
  A spriggan simulacrum (Depths:2)
  14 wolves
  49 ogres
  A wolf (shapeshifter) (Depths:3)
  21 centaurs
  7 crocodiles
  3 big kobolds
  15 bullfrogs
  2 gnoll sergeants (D:9)
  A wyvern zombie (D:14)
  A water moccasin zombie (D:7)
  4 scorpions
  3 wyvern skeletons
  A water moccasin skeleton (D:9)
  6 killer bees (D:8)
  23 wights
  A howler monkey (D:4)
  9 electric eels
  6 lava snakes (Volcano)
  10 crimson imps
  4 bullfrog zombies
  6 hounds
  A quasit (D:5)
  34 orc priests
  A gnoll shaman (D:4)
  An iron imp (Depths:1)
  3 jellies
  35 orc wizards
  7 iguanas
  7 hell rats
  5 lightning spires (Zot:2)
  10 worker ants
  A hound zombie (D:8)
  A howler monkey zombie (D:5)
  20 gnolls
  8 adders
  A howler monkey skeleton (D:6)
  2 river rats
  6 shadow imps
  13 white imps
  An ufetubus (Depths:2)
  3 oozes
  An adder zombie (D:8)
  An adder skeleton (D:6)
  6 worms
  7 leopard geckos
  131 orcs
  6 giant cockroaches
  7 goblins
  4 hobgoblins
  12 jackals
  6 quokkas
  4 ball pythons
  5 bats
  5 frilled lizards
  A jackal zombie (D:4)
  16 kobolds
  A leopard gecko skeleton (D:4)
  A leopard gecko zombie (D:9)
  A quokka skeleton (D:4)
  16 rats
  A butterfly (Lair:6)
  A plant (Shoals:3)
2314 creatures vanquished.

Vanquished Creatures (collateral kills)
  An ancient lich (Zot:5)
  Frederick (Vaults:3)
  A fire giant (Vaults:5)
  A black draconian (Zot:4)
  A deep elf annihilator (Elf:3)
  A deep elf demonologist (Elf:3)
  A mottled draconian (Zot:4)
  An ettin (Vaults:5)
  A spriggan berserker (Depths:2)
  A demonic crawler (Spider:2)
  3 jumping spiders
  A redback (Spider:3)
14 creatures vanquished.

Vanquished Creatures (others)
  A draconian monk (Zot:2)
  A fire giant (Vaults:4)
  A black draconian (Zot:2)
  A yaktaur captain (Depths:5)
  An ogre mage (Vaults:3)
  A shadow wraith (Vaults:5)
  A shock serpent (Zot:2)
  A deep elf archer (Vaults:2)
  A moth of wrath (Zot:5)
  A yaktaur (Vaults:1)
  A raiju (Zot:2)
  A basilisk (Lair:6)
  An ogre (Depths:1)
  3 ball lightnings (Zot:2)
  A butterfly (Lair:4)
  4 fungi
  24 plants
45 creatures vanquished.

Grand Total: 2373 creatures vanquished

Notes
Turn   | Place    | Note
-------+----------+-------------------------------------------
     0 | D:1      | asdue the Demonspawn Fighter began the quest for the Orb.
     0 | D:1      | Reached XP level 1. HP: 18/18 MP: 1/1
    44 | D:1      | Reached skill level 2 in Long Blades
   187 | D:1      | Gained mutation: You have a pair of small horns on your head. [demonic ancestry]
   187 | D:1      | Reached XP level 2. HP: 24/24 MP: 2/2
   582 | D:2      | Reached skill level 3 in Long Blades
   729 | D:2      | Gained mutation: When hurt, damage is shared between your health and your magic reserves. [demonic ancestry]
   729 | D:2      | Reached XP level 3. HP: 24/29 MP: 3/3
   748 | D:2      | Found a glowing golden altar of the Shining One.
   749 | D:2      | Found an opulent altar of Gozag.
  1127 | D:3      | Reached skill level 4 in Long Blades
  1127 | D:3      | Reached XP level 4. HP: 35/35 MP: 4/4
  1763 | D:4      | Noticed a slave
  2225 | D:3      | Gained mutation: You have a pair of horns on your head. [demonic ancestry]
  2225 | D:3      | Reached XP level 5. HP: 33/41 MP: 5/5
  2322 | D:4      | Reached skill level 5 in Long Blades
  2449 | D:4      | Found Hetzueps's Assorted Antiques.
  2782 | D:4      | Bought a scroll labeled AFAABBA LUMOO for 29 gold pieces
  2782 | D:4      | Bought a scroll of teleportation for 87 gold pieces
  2909 | D:4      | Reached XP level 6. HP: 45/47 MP: 6/6
  2931 | D:4      | Noticed Eustachio
  2962 | D:5      | Entered Level 5 of the Dungeon
  3007 | D:5      | Reached skill level 6 in Long Blades
  3030 | D:5      | Found a bloodstained altar of Trog.
  3034 | D:5      | Noticed an ice beast
  3038 | D:5      | Became a worshipper of Trog the Wrathful
  3066 | D:5      | Found a hazy altar of Hepliaklqana.
  3319 | D:5      | Found a glowing drain.
  3356 | Sewer    | Entered a sewer
  3698 | Sewer    | Reached skill level 7 in Long Blades
  3698 | Sewer    | Gained mutation: You regenerate magic rapidly. [demonic ancestry]
  3698 | Sewer    | Reached XP level 7. HP: 27/52 MP: 5/7
  4002 | D:4      | Killed Eustachio
  4002 | D:4      | Reached * piety under Trog
  4002 | D:4      | Reached skill level 8 in Long Blades
  4216 | D:4      | Noticed Pikel
  4290 | D:4      | Killed Pikel
  4290 | D:4      | Reached skill level 9 in Long Blades
  4290 | D:4      | Reached XP level 8. HP: 49/60 MP: 4/8
  5102 | D:6      | Found a staircase to the Ecumenical Temple.
  5114 | Temple   | Entered the Ecumenical Temple
  5140 | D:6      | Reached ** piety under Trog
  5628 | D:4      | Bought a scroll of remove curse for 87 gold pieces
  5802 | D:6      | Reached skill level 5 in Fighting
  6348 | D:7      | Reached skill level 10 in Long Blades
  6434 | D:7      | Reached XP level 9. HP: 68/68 MP: 9/9
  6469 | D:7      | Found an opulent altar of Gozag.
  6504 | D:7      | Killed an unseen horror
  6511 | D:7      | Noticed a green ugly thing
  6920 | D:7      | Killed a green ugly thing
  6920 | D:7      | Reached *** piety under Trog
  6920 | D:7      | Reached skill level 11 in Long Blades
  6920 | D:7      | Reached skill level 1 in Dodging
  7270 | D:7      | Found a hide-covered altar of Uskayaw.
  7500 | D:8      | Found a snail-covered altar of Cheibriados.
  8374 | D:8      | Reached skill level 5 in Armour
  8400 | D:8      | Reached XP level 10. HP: 57/74 MP: 6/10
  8464 | D:9      | Noticed Joseph
  8483 | D:8      | Killed Joseph
  8785 | D:8      | Reached **** piety under Trog
  9207 | D:9      | Reached skill level 12 in Long Blades
  9382 | D:9      | Found a roughly hewn altar of Beogh.
  9382 | D:9      | Found a staircase to the Orcish Mines.
  9856 | D:9      | Found a burning altar of Makhleb.
  9856 | D:9      | Noticed a balrug
  9859 | D:9      | Noticed an orange demon
  9957 | D:9      | Noticed a hill giant
  9967 | D:9      | Killed a hill giant
 10114 | D:10     | Entered Level 10 of the Dungeon
 10144 | D:10     | Killed an unseen horror
 10166 | D:10     | Noticed Urug
 10219 | D:10     | Noticed Maurice
 10270 | D:10     | Killed Maurice
 10270 | D:10     | Reached XP level 11. HP: 81/81 MP: 11/11
 10355 | D:10     | Killed Urug
 10630 | D:10     | Reached ***** piety under Trog
 10635 | D:10     | Noticed Erolcha
 10649 | D:10     | Killed Erolcha
 10649 | D:10     | Reached skill level 5 in Dodging
 10920 | D:10     | Killed an unseen horror
 10920 | D:10     | Reached skill level 13 in Long Blades
 10943 | D:10     | Noticed a hill giant
 10954 | D:10     | Killed a hill giant
 11272 | D:11     | Got an iridescent great sword
 11277 | D:11     | Identified the +8 great sword of Xom's Delight {drain, +Fly rElec Str+4} (You found it on level 11 of the Dungeon)
 11291 | D:11     | Noticed a cyan ugly thing
 11302 | D:11     | Killed an unseen horror
 11308 | D:11     | Killed a cyan ugly thing
 11561 | D:11     | Found a staircase to the Lair.
 11652 | D:11     | Noticed Grum
 11655 | D:11     | Noticed a phantasmal warrior
 11663 | D:11     | Noticed a death knight
 11680 | D:11     | HP: 2/84 [phantasmal warrior[a death knight] (19)]
 11682 | D:11     | Killed a phantasmal warrior
 11997 | Lair:1   | Entered Level 1 of the Lair of Beasts
 12412 | Lair:1   | Gained mutation: When low on magic, you restore magic in place of health. [demonic ancestry]
 12412 | Lair:1   | Reached XP level 12. HP: 76/91 MP: 9/12
 12701 | Lair:1   | Received a gift from Trog
 12891 | Lair:2   | Found a staircase to the Shoals.
 13048 | Lair:2   | Reached skill level 14 in Long Blades
 13228 | Lair:2   | Noticed an eight-headed hydra
 13240 | Lair:2   | Killed a five-headed hydra
 13465 | Lair:3   | Received a gift from Trog
 13488 | Lair:3   | Noticed a six-headed hydra
 13504 | Lair:3   | Killed a one-headed hydra
 13714 | Lair:3   | Reached skill level 1 in Evocations
 14338 | Lair:4   | Noticed Kirke
 14361 | Lair:4   | Killed Kirke
 14491 | Lair:4   | Found a hole to the Spider Nest.
 14519 | Lair:4   | Found a labyrinth entrance.
 14544 | Lab      | Entered a labyrinth
 14735 | Lab      | Noticed a minotaur
 14744 | Lab      | Killed a minotaur
 14744 | Lab      | Reached skill level 15 in Long Blades
 14744 | Lab      | Gained mutation: You are slightly more attuned to the shadows. [demonic ancestry]
 14744 | Lab      | Reached XP level 13. HP: 99/99 MP: 13/15
 14796 | Lab      | Got a crude spear
 15274 | Lair:5   | Identified 2 scrolls of acquirement
 15472 | Lair:5   | Reached skill level 5 in Evocations
 15727 | Lair:6   | Entered Level 6 of the Lair of Beasts
 15791 | Lair:6   | Received a gift from Trog
 15844 | Lair:6   | Reached skill level 16 in Long Blades
 16607 | Lair:6   | Found a staircase to the Slime Pits.
 16608 | Lair:6   | Found a viscous altar of Jiyva.
 16660 | Lair:6   | Reached XP level 14. HP: 109/109 MP: 17/17
 16878 | Lair:6   | Reached skill level 10 in Fighting
 16885 | Lair:6   | Reached ****** piety under Trog
 17079 | Lair:6   | Reached skill level 17 in Long Blades
 17300 | Lair:6   | Received a gift from Trog
 17361 | Lair:6   | Identified the Incunabulum of Moulding and Boosts
 17595 | Orc:1    | Entered Level 1 of the Orcish Mines
 17744 | Orc:2    | Entered Level 2 of the Orcish Mines
 17868 | Orc:1    | Found a dark tunnel.
 17882 | Volcano  | Entered a volcano
 18217 | Volcano  | Found a bloodstained altar of Trog.
 18272 | Volcano  | Found a burning altar of Makhleb.
 18461 | Orc:1    | Found a roughly hewn altar of Beogh.
 18561 | Orc:2    | Found a staircase to the Elven Halls.
 18598 | Orc:2    | Received a gift from Trog
 18877 | Orc:2    | Reached skill level 18 in Long Blades
 18930 | Orc:2    | Noticed ReniFell's ghost (journeyman DEFE)
 18953 | Orc:2    | Killed ReniFell's ghost
 19503 | Orc:2    | Paralysed by an orc sorcerer for 5 turns
 19858 | Orc:2    | Received a gift from Trog
 20030 | Orc:2    | Found Vourag's Antique Weapon Shop.
 20030 | Orc:2    | Found Caocytog's Weapon Shop.
 20031 | Orc:2    | Found Jyeqog's Antique Armour Boutique.
 20033 | Orc:2    | Found Tuazxon's Armour Boutique.
 20041 | Orc:2    | Bought a +3 chain mail of poison resistance for 376 gold pieces
 20458 | Spider:1 | Entered Level 1 of the Spider Nest
 20933 | Spider:1 | Gained mutation: You are partially covered in icy blue scales. (AC +2) [demonic ancestry]
 20933 | Spider:1 | Reached XP level 15. HP: 66/117 MP: 16/19
 21725 | Spider:1 | Received a gift from Trog
 22526 | Spider:2 | Reached skill level 10 in Armour
 23510 | Spider:3 | Received a gift from Trog
 23522 | Spider:3 | Noticed Arachne
 23542 | Spider:3 | Killed Arachne
 24025 | Spider:3 | Got a transparent ring mail
 24745 | Spider:3 | Noticed Jorgrun
 24774 | Spider:3 | Killed Jorgrun
 24852 | Spider:3 | Received a gift from Trog
 25024 | Spider:3 | Gained mutation: You are significantly more attuned to the shadows. [demonic ancestry]
 25024 | Spider:3 | Reached XP level 16. HP: 80/127 MP: 22/22
 25149 | Spider:3 | Noticed Mara
 25247 | Spider:4 | Entered Level 4 of the Spider Nest
 26331 | Spider:4 | Reached skill level 10 in Dodging
 26506 | Spider:4 | Received a gift from Trog
 27588 | Spider:4 | Got a gossamer rune of Zot
 27909 | Shoals:1 | Entered Level 1 of the Shoals
 27916 | Shoals:1 | Received a gift from Trog
 28216 | Shoals:1 | Noticed StormySan's ghost (journeyman TrBe)
 28241 | Shoals:1 | Killed StormySan's ghost
 28314 | Shoals:1 | Reached skill level 10 in Evocations
 28347 | Shoals:1 | Found a runed door.
 29140 | Shoals:1 | Identified the +3 ring mail "Lamabar" {rF+} (You found it on level 3 of the Spider Nest)
 29238 | Shoals:1 | Reached XP level 17. HP: 120/137 MP: 22/24
 29887 | Shoals:2 | Gained mutation: You have a pair of large horns on your head. [demonic ancestry]
 29887 | Shoals:2 | Reached XP level 18. HP: 127/143 MP: 25/25
 30325 | Shoals:3 | Got a twisted scale mail
 31321 | Shoals:3 | Received a gift from Trog
 31349 | Shoals:4 | Entered Level 4 of the Shoals
 31737 | Shoals:4 | Noticed Ilsuiw
 32124 | Shoals:4 | HP: 6/145 [something/shard of ice (48)]
 32586 | Shoals:3 | Killed Ilsuiw
 33493 | Shoals:4 | Got a barnacled rune of Zot
 33532 | Shoals:4 | Got a transparent leather armour
 34079 | Lair:2   | Identified the +1 leather armour of Gravitas {+Inv rC+ MR+ Int-2} (You took it off a merfolk aquamancer on level 4 of the Shoals)
 34334 | D:11     | Killed Grum
 34408 | D:11     | Received a gift from Trog
 35555 | D:13     | Found a portal to a secret trove of treasure.
 35752 | D:13     | Found a gateway to a bazaar.
 36409 | D:14     | Received a gift from Trog
 36574 | D:14     | Found a gate to the Vaults.
 37444 | D:15     | Entered Level 15 of the Dungeon
 37575 | D:15     | Noticed Nessos
 37587 | D:15     | Killed Nessos
 37587 | D:15     | Gained mutation: Your flesh is heat resistant. (rF+) [demonic ancestry]
 37587 | D:15     | Reached XP level 19. HP: 149/154 MP: 26/26
 37726 | D:15     | Paralysed by an ogre mage for 7 turns
 37781 | D:15     | Noticed Rupert
 37847 | D:15     | Killed Rupert
 37847 | D:15     | Reached skill level 15 in Fighting
 37958 | D:15     | Received a gift from Trog
 38442 | D:15     | Found a staircase to the Depths.
 38533 | Vaults:1 | Entered Level 1 of the Vaults
 39918 | Vaults:1 | Received a gift from Trog
 39933 | Vaults:1 | Got a faintly glowing great sword {god gift}
 39934 | Vaults:1 | Identified the +1 great sword "Zyulid" {venom, Dex+3} (Trog gifted it to you on level 1 of the Vaults)
 40871 | Vaults:2 | Noticed Sojobo
 40914 | Vaults:2 | Killed Sojobo
 41023 | Vaults:2 | Paralysed by a sphinx for 7 turns
 41057 | Vaults:2 | Received a gift from Trog
 41279 | Vaults:2 | Received a gift from Trog
 41301 | Vaults:2 | Noticed Jory
 41319 | Vaults:2 | Killed Jory
 41490 | Vaults:2 | Found a staircase to the Crypt.
 41588 | Vaults:2 | Gained mutation: You are completely attuned to the shadows. [demonic ancestry]
 41588 | Vaults:2 | Reached XP level 20. HP: 95/166 MP: 29/29
 42444 | Vaults:3 | Found Yxutus's Magic Scroll Boutique.
 42596 | Vaults:3 | Found Hyloo's Weapon Boutique.
 42641 | Vaults:3 | Found a flickering gateway to a bazaar.
 42661 | Bazaar   | Entered a bazaar
 42674 | Bazaar   | Found Birull's Weapon Boutique.
 42691 | Bazaar   | Found Eklev's General Store.
 42696 | Bazaar   | Bought a scroll of fog for 24 gold pieces
 42708 | Bazaar   | Found Xaschof's Antique Weapon Boutique.
 42725 | Bazaar   | Found Holut's Food Emporium.
 42762 | Bazaar   | Bought a scroll of identify for 24 gold pieces
 42792 | Bazaar   | Bought a bread ration for 55 gold pieces
 42792 | Bazaar   | Bought a meat ration for 55 gold pieces
 42792 | Bazaar   | Bought a meat ration for 55 gold pieces
 42904 | Vaults:3 | Noticed Frederick
 43143 | Vaults:3 | Reached skill level 15 in Armour
 43172 | Vaults:3 | Received a gift from Trog
 43308 | Vaults:3 | Killed Frederick
 43412 | Vaults:3 | Found Raryl's Jewellery Shop.
 44784 | Vaults:3 | Received a gift from Trog
 45401 | Vaults:4 | Gained mutation: You are immune to clouds of flame. [demonic ancestry]
 45401 | Vaults:4 | Reached XP level 21. HP: 145/178 MP: 26/30
 45683 | Vaults:4 | Received a gift from Trog
 46583 | Depths:1 | Entered Level 1 of the Depths
 46852 | Depths:1 | Found Godadaz's Book Shoppe.
 47099 | Depths:1 | Noticed Margery
 47125 | Depths:1 | Killed Margery
 47133 | Depths:1 | Received a gift from Trog
 47199 | Depths:1 | Found a gateway to Hell.
 47349 | Depths:1 | Found an opulent altar of Gozag.
 47358 | Depths:1 | Found a one-way gate to the infinite horrors of the Abyss.
 47425 | Depths:1 | Found a one-way gate leading to the halls of Pandemonium.
 47894 | Depths:2 | Reached skill level 15 in Dodging
 47907 | Depths:2 | Found a gateway to a ziggurat.
 48338 | Depths:2 | Noticed a juggernaut
 48359 | Depths:2 | Noticed a juggernaut
 48640 | Depths:2 | Received a gift from Trog
 48657 | Depths:2 | Gained mutation: You are mostly covered in icy blue scales. (AC +3) [demonic ancestry]
 48657 | Depths:2 | Reached XP level 22. HP: 190/190 MP: 31/31
 49136 | Depths:2 | Killed a juggernaut
 49713 | Depths:2 | Gained mutation: Your mind is acute. (Int +2) [potion of beneficial mutation]
 50116 | Elf:1    | Entered Level 1 of the Elven Halls
 50597 | Elf:1    | Received a gift from Trog
 50874 | Elf:1    | Found Redep's Jewellery Shop.
 50877 | Elf:1    | Found Ivaonugo's General Store.
 50877 | Elf:1    | Found Keregire's Assorted Antiques.
 50880 | Elf:1    | Found Reoroud's Weapon Boutique.
 50888 | Elf:1    | Bought a scroll of magic mapping for 52 gold pieces
 50888 | Elf:1    | Bought 14 stones for 21 gold pieces
 50888 | Elf:1    | Bought a scroll of teleportation for 45 gold pieces
 50927 | Elf:1    | Bought a scroll of blinking for 112 gold pieces
 50937 | Elf:1    | Noticed Nikola
 50945 | Elf:1    | Killed Nikola
 51012 | Elf:2    | Found a huge runed gate.
 51012 | Elf:2    | Found a huge runed gate.
 51160 | Elf:2    | Found a runed gate.
 51160 | Elf:2    | Found a runed gate.
 51160 | Elf:2    | Found a runed gate.
 51198 | Elf:2    | Found a huge runed gate.
 51199 | Elf:2    | Found a huge runed gate.
 51200 | Elf:2    | Found a huge runed gate.
 51207 | Elf:2    | Found a huge runed gate.
 51207 | Elf:2    | Found a huge runed gate.
 51207 | Elf:2    | Found a huge runed gate.
 51207 | Elf:2    | Found a huge runed gate.
 51208 | Elf:2    | Found a huge runed gate.
 51212 | Elf:2    | Found a huge runed gate.
 51212 | Elf:2    | Found a huge runed gate.
 51212 | Elf:2    | Found a huge runed gate.
 51213 | Elf:2    | Found a huge runed gate.
 51223 | Elf:2    | Found a huge runed gate.
 51223 | Elf:2    | Found a huge runed gate.
 51223 | Elf:2    | Found a huge runed gate.
 51223 | Elf:2    | Found a huge runed gate.
 51224 | Elf:2    | Found a huge runed gate.
 51225 | Elf:2    | Found a huge runed gate.
 51226 | Elf:2    | Found a huge runed gate.
 51227 | Elf:2    | Found a huge runed gate.
 51228 | Elf:2    | Found a huge runed gate.
 51229 | Elf:2    | Found a huge runed gate.
 51234 | Elf:2    | Found a huge runed gate.
 51234 | Elf:2    | Found a huge runed gate.
 51354 | Elf:3    | Entered Level 3 of the Elven Halls
 51598 | Elf:3    | Found Zauklomn's Gadget Shoppe.
 51700 | Elf:3    | Reached skill level 19 in Long Blades
 51997 | Elf:3    | Gained mutation: Your magical capacity is low. (-10% MP) [a cacodemon]
 51998 | Elf:3    | Gained mutation: Your body sometimes deteriorates upon taking damage. [a cacodemon]
 51999 | Elf:3    | Received a gift from Trog
 52241 | Elf:3    | Got a coiled turquoise ring
 52242 | Elf:3    | Identified the ring "Gapaisagh" {*Slow +Inv rElec rF+} (You took it off a deep elf death mage on level 3 of the Elven Halls)
 53172 | Elf:3    | Got a transparent falchion {venom}
 53173 | Elf:3    | Identified the +7 falchion of Wrath {venom, MR+} (You took it off a deep elf elementalist on level 3 of the Elven Halls)
 53780 | Elf:3    | Received a gift from Trog
 53784 | Elf:3    | Got an ichor-stained great sword {god gift}
 53785 | Elf:3    | Identified the +13 great sword of the Whale {slice, rPois Str-3 Int+3} (Trog gifted it to you on level 3 of the Elven Halls)
 54059 | Elf:3    | Identified the Disquisition on Poisoning and the Frostbite
 54151 | Elf:3    | Identified the Papyrus of Floating Heat
 54259 | Elf:3    | Identified the Disquisition on Lightness and Snow
 54887 | Bazaar   | Entered a bazaar
 54887 | Bazaar   | Found Nypnutt's Antique Armour Shoppe.
 54889 | Bazaar   | Found Raotith's Food Shop.
 54909 | Bazaar   | Found Zokat's Jewellery Shoppe.
 54912 | Bazaar   | Found Qalup's Antique Armour Emporium.
 54917 | Bazaar   | Found Gutuj's General Store.
 54941 | Bazaar   | Bought a pair of glowing gloves for 220 gold pieces
 54963 | Bazaar   | Bought a pair of embroidered gloves for 294 gold pieces
 54968 | Bazaar   | Bought a pair of embroidered gloves for 294 gold pieces
 54993 | Bazaar   | Bought an uncursed ring of protection from cold for 225 gold pieces
 54993 | Bazaar   | Bought an uncursed amulet of magic regeneration for 270 gold pieces
 55003 | Bazaar   | Bought a scroll of identify for 30 gold pieces
 55003 | Bazaar   | Bought a scroll of enchant armour for 112 gold pieces
 55006 | Bazaar   | Bought a bread ration for 35 gold pieces
 55006 | Bazaar   | Bought a bread ration for 35 gold pieces
 55006 | Bazaar   | Bought a meat ration for 35 gold pieces
 55009 | Bazaar   | Bought a scroll of magic mapping for 52 gold pieces
 55174 | Vaults:5 | Entered Level 5 of the Vaults
 55176 | Vaults:5 | Gained mutation: You are completely covered in icy blue scales. (AC +4, rC+) [demonic ancestry]
 55176 | Vaults:5 | Reached XP level 23. HP: 196/196 MP: 30/30
 55357 | Vaults:5 | Received a gift from Trog
 55626 | Vaults:5 | Received a gift from Trog
 55769 | Vaults:5 | Noticed an ancient lich
 55786 | Vaults:5 | Killed an ancient lich
 56309 | Vaults:5 | Reached skill level 20 in Long Blades
 57120 | Vaults:5 | Received a gift from Trog
 57763 | Vaults:5 | Reached XP level 24. HP: 206/206 MP: 30/30
 58048 | Vaults:5 | Got a silver rune of Zot
 58304 | Vaults:5 | Got an amethyst-encrusted chain mail
 58305 | Vaults:5 | Identified the +5 chain mail of the Ban {Str+4} (You found it on level 5 of the Vaults)
 58330 | Vaults:5 | Received a gift from Trog
 58492 | Vaults:5 | Identified the Papyrus of the Quantum Volcanoes
 59299 | Depths:2 | Killed a juggernaut
 59299 | Depths:2 | Reached skill level 21 in Long Blades
 60167 | Depths:3 | Found Eshrieh's Jewellery Boutique.
 60167 | Depths:3 | Found Makuipha's Jewellery Boutique.
 60168 | Depths:3 | Found Zyfat's Gadget Emporium.
 60180 | Depths:3 | Bought the ring "Qyomi" {rElec EV+5 Str+2 Stlth+} for 1672 gold pieces
 60199 | Depths:3 | Bought the ring "Bejeoklu" {rF+ rC+ SInv} for 720 gold pieces
 60244 | Depths:3 | Received a gift from Trog
 60407 | Depths:3 | Noticed a juggernaut
 60852 | Depths:3 | Killed a juggernaut
 61632 | Depths:4 | Noticed an ancient lich
 61637 | Depths:4 | Killed an ancient lich
 61637 | Depths:4 | Reached XP level 25. HP: 196/214 MP: 9/30
 61661 | Depths:4 | Reached skill level 22 in Long Blades
 61936 | Depths:4 | Received a gift from Trog
 62361 | Depths:5 | Entered Level 5 of the Depths
 62506 | Depths:5 | Noticed Saint Roka
 62535 | Depths:5 | Killed Saint Roka
 62660 | Depths:5 | Found Xuss's Book Emporium.
 62694 | Depths:5 | Received a gift from Trog
 63028 | Depths:5 | Reached skill level 23 in Long Blades
 63263 | Depths:5 | Found a gate to the Realm of Zot.
 63491 | Zot:1    | Entered Level 1 of the Realm of Zot
 64095 | Zot:2    | Found a huge runed gate.
 64095 | Zot:2    | Found a huge runed gate.
 64095 | Zot:2    | Found a huge runed gate.
 64095 | Zot:2    | Found a huge runed gate.
 64095 | Zot:2    | Found a huge runed gate.
 64097 | Zot:2    | Found a huge runed gate.
 64129 | Zot:2    | Found a huge runed gate.
 64129 | Zot:2    | Found a huge runed gate.
 64129 | Zot:2    | Found a huge runed gate.
 64129 | Zot:2    | Found a huge runed gate.
 64130 | Zot:2    | Found a huge runed gate.
 64140 | Zot:2    | Found a huge runed gate.
 64141 | Zot:2    | Found a huge runed gate.
 64142 | Zot:2    | Found a huge runed gate.
 64143 | Zot:2    | Found a huge runed gate.
 64144 | Zot:2    | Found a huge runed gate.
 64184 | Zot:2    | Found a huge runed gate.
 64185 | Zot:2    | Found a huge runed gate.
 64187 | Zot:2    | Found a huge runed gate.
 64192 | Zot:2    | Found a huge runed gate.
 64192 | Zot:2    | Found a huge runed gate.
 64568 | Zot:3    | Gained mutation: You can hurl damnation. [demonic ancestry]
 64568 | Zot:3    | Reached XP level 26. HP: 146/222 MP: 9/30
 65037 | Zot:3    | Received a gift from Trog
 65986 | Zot:4    | Got a faintly humming chain mail
 65987 | Zot:4    | Identified the cursed +1 chain mail of the Were-rabbit {Str+3 Dex+6} (You found it on level 4 of the Realm of Zot)
 66014 | Zot:5    | Entered Level 5 of the Realm of Zot
 66298 | Zot:5    | Noticed an ancient lich
 66313 | Zot:5    | Killed an ancient lich
 66334 | Zot:5    | Noticed an ancient lich
 66348 | Zot:5    | Killed an ancient lich
 66588 | Zot:5    | Reached skill level 24 in Long Blades
 66659 | Zot:5    | Noticed an orb of fire
 66678 | Zot:5    | Killed an orb of fire
 67096 | Zot:5    | Noticed an ancient lich
 67103 | Zot:5    | Killed an ancient lich
 67110 | Zot:5    | Received a gift from Trog
 67556 | Zot:5    | Got the Orb of Zot
 67609 | Zot:5    | Gained mutation: Your body often deteriorates upon taking damage. [a neqoxec]
 67617 | Zot:5    | Reached XP level 27. HP: 208/233 MP: 10/30
 67618 | Zot:5    | Noticed Kite's ghost (legendary MiBe)
 67704 | Zot:2    | Gained mutation: You occasionally shout uncontrollably at your foes. [mutagenic glow]
 67763 | Depths:5 | Lost mutation: Your body often deteriorates upon taking damage. [potion of cure mutation]
 67763 | Depths:5 | Lost mutation: You occasionally shout uncontrollably at your foes. [potion of cure mutation]
 67763 | Depths:5 | Lost mutation: Your body sometimes deteriorates upon taking damage. [potion of cure mutation]
 67763 | Depths:5 | Lost mutation: Your mind is acute. (Int +2) [potion of cure mutation]
 68205 | D:$      | Escaped with the Orb!

Skill      XL: |  1  2  3  4  5  6  7  8  9 10 11 12 13 14 15 16 17 18 19 20 21 22 23 24 25 26 |
---------------+-------------------------------------------------------------------------------+-----
Long Blades    | 2 3 4 5 7 9 10 11 12 13 15 16 18 19 20 21 23 24 | 24.0
Fighting       | 4 5 6 7 8 9 10 11 13 14 16 18 19 20 21 22 | 22.6
Armour         | 3 5 6 7 8 9 10 12 13 14 16 17 18 19 20 | 20.5
Dodging        | 3 4 6 7 9 11 13 15 16 18 | 18.3
Evocations     | 3 5 6 8 10 12 13 14 | 14.7
Shields        | |  2.6

Action                   |  1- 3 |  4- 6 |  7- 9 | 10-12 | 13-15 | 16-18 | 19-21 | 22-24 | 25-27 || total
-------------------------+-------+-------+-------+-------+-------+-------+-------+-------+-------++-------
Melee: Long sword        |   102 |   225 |   487 |   265 |       |       |       |       |       ||  1079
       Headbutt          |     8 |    40 |   103 |   141 |   313 |   351 |   624 |   529 |   437 ||  2546
       Double sword      |       |       |       |    94 |    16 |       |       |       |       ||   110
       Great sword       |       |       |       |   281 |  1093 |  1217 |  1771 |  1151 |   900 ||  6413
       Falchion          |       |       |       |    14 |    39 |       |       |    10 |       ||    63
       Scimitar          |       |       |       |       |     4 |       |       |       |       ||     4
       Triple sword      |       |       |       |       |       |       |       |   352 |   214 ||   566
 Fire: Blowgun           |       |       |    11 |    18 |       |       |       |       |       ||    29
Invok: Berserk           |       |       |     9 |    14 |     1 |     7 |     3 |     1 |       ||    35
       Trog's Hand       |       |       |     3 |     4 |     7 |     2 |    11 |    10 |     3 ||    40
       Brothers in Arms  |       |       |       |       |     2 |       |     2 |     4 |     2 ||    10
       Burn Spellbooks   |       |       |       |       |       |     1 |       |     9 |     2 ||    12
 Abil: Evoke Flight      |       |       |       |       |     1 |    22 |       |       |     2 ||    25
       Stop Flying       |       |       |       |       |       |     1 |       |       |       ||     1
Evoke: Wand              |       |     1 |       |       |     9 |    11 |     7 |     5 |     5 ||    38
       Lamp of fire      |       |       |       |       |       |     2 |     1 |     1 |       ||     4
       Sack of spiders   |       |       |       |       |       |       |     2 |     2 |       ||     4
       Box of beasts     |       |       |       |       |       |       |       |     2 |       ||     2
  Use: Scroll            |       |     4 |     1 |    18 |    14 |     8 |    10 |    17 |     4 ||    76
       Potion            |       |       |     2 |     2 |     3 |     4 |     3 |     6 |     1 ||    21
 Stab: Distracted        |       |       |       |       |     1 |     1 |       |       |       ||     2
       Confused          |       |       |       |       |       |     5 |       |       |       ||     5
       Paralysed         |       |       |       |       |       |     2 |       |       |       ||     2
       Sleeping          |       |       |       |       |       |       |       |       |     2 ||     2
  Eat: Chunk             |     1 |     9 |    23 |    35 |    31 |    49 |    46 |    42 |    16 ||   252
       Pizza             |       |       |       |     1 |     1 |     1 |       |     5 |       ||     8
       Royal jelly       |       |       |       |       |     1 |       |       |       |     1 ||     2
       Meat ration       |       |       |       |       |     1 |       |       |       |     2 ||     3
       Beef jerky        |       |       |       |       |       |     2 |     2 |     1 |       ||     5
       Fruit             |       |       |       |       |       |       |       |       |     3 ||     3
Armor: Scale mail        |    19 |       |       |       |       |       |       |       |       ||    19
       Chain mail        |    24 |   119 |   154 |       |   463 |   729 |   120 |       |       ||  1609
       Plate armour      |       |       |   110 |   334 |   369 |       |   985 |   815 |   543 ||  3156
       Skin              |       |       |       |       |       |       |       |     3 |       ||     3
Dodge: Dodged            |    15 |    36 |    68 |   171 |   571 |   813 |  1346 |  1242 |  1241 ||  5503
Block: Shield            |    37 |   117 |   181 |   135 |       |       |       |       |       ||   470
       Other             |       |       |       |       |    78 |    74 |    21 |       |       ||   173
       Reflection        |       |       |       |       |       |     4 |     4 |       |       ||     8
       Rpst.: Long sword |     2 |    10 |    25 |    14 |       |       |       |       |       ||    51
       Great sword       |       |       |       |    30 |   130 |   174 |   258 |   187 |   162 ||   941
       Double sword      |       |       |       |     5 |       |       |       |       |       ||     5
       Triple sword      |       |       |       |       |       |       |       |    50 |    26 ||    76
       Falchion          |       |       |       |       |       |       |       |     2 |       ||     2
